 Dungeon Crawl Stone Soup version 0.26.0-10-g1f06aea511 (webtiles) character file.

Game seed: 13894094192107291287

258 Amaterasu the Chiller (level 5, -2/29 HPs)
             Began as a Deep Elf Ice Elementalist on Feb 1, 2021.
             Was an Initiate of Vehumet.
             Killed themself with a badly aimed fireball (9 damage)
             ... on level 4 of the Dungeon.
             The game lasted 00:06:26 (3286 turns).

Amaterasu the Chiller (Deep Elf Ice Elementalist)   Turns: 3286, Time: 00:06:27

Health: -2/29      AC:  3    Str:  5    XL:     5   Next: 94%
Magic:  2/14       EV: 12    Int: 21    God:    Vehumet [......]
Gold:   151        SH:  3    Dex: 15    Spells: 7/14 levels left

rFire    . . .     SeeInvis +   e - +1 dagger (drain)
rCold    . . .     Faith    .   o - +0 buckler (curse)
rNeg     . . .     Spirit   .   a - +0 robe
rPois    .         Reflect  .   m - +0 helmet
rElec    .         Harm     .   (no cloak)
rCorr    .         Rampage  .   (no gloves)
Will     .....                  (no boots)
Stlth    +++.......             (no amulet)
HPRegen  0.09/turn              c - ring of see invisible
MPRegen  0.14/turn              g - ring of stealth

@: no status effects
A: no striking features
a: Renounce Religion


You were on level 4 of the Dungeon.
You worshipped Vehumet.
Vehumet was noncommittal.
You visited 1 branch of the dungeon, and saw 4 of its levels.

You collected 151 gold pieces.

Inventory:

Hand Weapons
 e - a +1 dagger of draining (weapon)
Armour
 a - a +0 robe (worn)
 m - a +0 helmet (worn)
 o - a cursed +0 buckler (worn)
Jewellery
 c - a ring of see invisible (left hand)
 g - a ring of stealth (right hand)
Wands
 d - a wand of random effects (14)
 k - a wand of paralysis (3)
 l - a wand of digging (5)
Scrolls
 b - 3 scrolls of teleportation
 f - 2 scrolls of remove curse
Potions
 h - a potion of heal wounds
 j - a potion of haste {unknown}


   Skills:
 * Level 1.0 Fighting
 * Level 3.0 Dodging
 - Level 2.4 Stealth
 - Level 5.0 Spellcasting
 * Level 6.7 Ice Magic


You had 7 spell levels left.
You knew the following spells:

 Your Spells              Type           Power        Failure   Level
a - Freeze                Ice            100%         1%          1
b - Frozen Ramparts       Ice            66%          3%          3
c - Ozocubu's Armour      Ice            33%          3%          3

Your spell library contained the following spells:

 Spells                   Type           Power        Failure   Level
 Hailstorm                Conj/Ice       19%          41%         4
 Summon Ice Beast         Ice/Summ       19%          41%         4


Dungeon Overview and Level Annotations

Branches:
Dungeon (4/15)             Temple (0/1) D:4

Altars:
Cheibriados
Vehumet
Zin


Message History

The bullfrog skeleton hits you.
* * * LOW HITPOINT WARNING * * *
Evoke which item? (* to show all) (? for menu, Esc to quit)
Aiming: Random Effects
Press: ? - help, Shift-Dir - straight line, f/p - bullfrog skeleton
Aim: a bullfrog skeleton (almost destroyed)
The bolt of negative energy hits the bullfrog skeleton.
The bullfrog skeleton completely resists.
The bullfrog skeleton is almost destroyed.
The bullfrog skeleton hits you but does no damage.
Evoke which item? (* to show all) (? for menu, Esc to quit)
Aiming: Random Effects
Press: ? - help, Shift-Dir - straight line, f/p - bullfrog skeleton
Aim: a bullfrog skeleton (almost destroyed)
The fireball explodes!
The fireball engulfs the bullfrog skeleton!
You destroy the bullfrog skeleton!
Vehumet accepts your kill. The fireball engulfs you!
You die...

## ######### ..
#<......#
.###.##.####..#
...............
.###.##@####..#
.. #.......# ##
#......##
########


There were no monsters in sight!

Vanquished Creatures
  A bullfrog skeleton (D:4)
  A hound (D:4)
  Jessica (D:2)
  2 worker ants (D:4)
  Robin (D:4)
  5 adders
  2 oozes (D:1)
  2 adder skeletons
  4 worms (D:3)
  3 leopard geckos
  An orc (D:3)
  5 bats
  4 giant cockroaches
  10 goblins
  8 hobgoblins
  4 jackals (D:3)
  7 kobolds
  4 quokkas
  2 ball pythons
  4 frilled lizards
  2 rats
73 creatures vanquished.

Notes
Turn   | Place    | Note
-------+----------+-------------------------------------------
     0 | D:1      | Amaterasu the Deep Elf Ice Elementalist began the quest for
                  | the Orb.
     0 | D:1      | Reached XP level 1. HP: 10/10 MP: 6/6
    95 | D:1      | Reached XP level 2. HP: 15/15 MP: 6/8
   166 | D:1      | You fall into a shaft and drop 1 floor!
   170 | D:2      | Reached skill level 5 in Ice Magic
   683 | D:1      | Reached XP level 3. HP: 19/19 MP: 8/10
   688 | D:1      | Learned a level 3 spell: Frozen Ramparts
   692 | D:1      | Learned a level 3 spell: Ozocubu's Armour
  1306 | D:2      | Found a snail-covered altar of Cheibriados.
  1306 | D:2      | Noticed Jessica
  1311 | D:2      | Killed Jessica
  1375 | D:2      | Reached XP level 4. HP: 21/24 MP: 10/12
  1878 | D:3      | Reached skill level 6 in Ice Magic
  2170 | D:3      | You fall into a shaft and drop 1 floor!
  2172 | D:4      | Found a radiant altar of Vehumet.
  2178 | D:4      | Reached XP level 5. HP: 28/28 MP: 9/14
  2373 | D:4      | Became a worshipper of Vehumet
  2461 | D:4      | Reached skill level 5 in Spellcasting
  2493 | D:4      | Noticed Robin
  2506 | D:4      | Killed Robin
  2673 | D:4      | Found a staircase to the Ecumenical Temple.
  2744 | D:3      | Found a glowing silver altar of Zin.
  2825 | D:3      | Reached skill level 1 in Fighting
  3286 | D:4      | Killed themself with a badly aimed fireball

Illustrated notes

Levels and vault maps discovered:
D:1:      sevenhm_arrival_forest_fort_small_3, layout_basic, serial_curves,
          eino_curves_03, eino_curves_04
D:2:      layout_basic, overflow_temple_1_default, uniq_jessica
D:3:      layout_rooms, marbit_many_paths
D:4:      layout_loops_cross, vehumet_crystals, temple_fountains,
          minmay_quantized, uniq_natasha, uniq_robin

Skill      XL: |  1  2  3  4  5 |
---------------+----------------+-----
Ice Magic      | 5 6 |  6.7
Spellcasting   | 4 5 |  5.0
Dodging        | 3 |  3.0
Fighting       | 1 |  1.0
Stealth        | |  2.4

Action                   |  1- 3 |  4- 6 || total
-------------------------+-------+-------++-------
Melee: Unarmed           |     7 |       ||     7
       Dagger            |       |    43 ||    43
 Cast: Freeze            |    31 |    56 ||    87
       Frozen Ramparts   |       |    11 ||    11
       Ozocubu's Armour  |       |     3 ||     3
Evoke: Wand              |       |     5 ||     5
  Use: Scroll            |     2 |     6 ||     8
 Stab: Sleeping          |     2 |     4 ||     6
Armor: Robe              |     4 |    17 ||    21
Dodge: Dodged            |    21 |    73 ||    94
Block: Buckler           |       |     4 ||     4
